 Dungeon Crawl Stone Soup version 0.28-a0-175-gb2089b6bb7 (webtiles) character file.

Game seed: 5801075169603230134

392 Nattfarinn the Skirmisher (level 7, -2/54 HPs)
             Began as a Djinni Venom Mage on Aug 17, 2021.
             Killed by divine providence
             ... invoked by an orc priest
              (12 damage)
             ... on level 3 of the Dungeon.
             The game lasted 00:04:39 (4211 turns).

Nattfarinn the Skirmisher (Djinni Venom Mage)       Turns: 4211, Time: 00:04:40

Health: -2/54      AC:  4    Str:  7    XL:     7   Next: 8%
Gold:   145        EV: 13    Int: 24    God:
                   SH:  0    Dex: 20

rFire   + + .      SeeInvis .   j - +1 whip (venom)
rCold   . . .      Faith    .   (no shield)
rNeg    . . .      Spirit   .   m - +1 robe {rC+}
rPois   ∞          Reflect  .   (no helmet)
rElec   .          Harm     .   g - +0 cloak
rCorr   .          Rampage  .   (no gloves)
Will    .....                   (boots unavailable)
Stlth   ++........              (no amulet)
HPRegen 0.18/turn               c - +6 ring of dexterity
MPRegen 0.00/turn               e - +6 ring of intelligence

@: flying, invisible
A: sickness immunity, fire resistance 2, cold vulnerability 1, float, innate
caster, hp casting, extra vitality 1
a: no special abilities


You were on level 3 of the Dungeon.
You visited 1 branch of the dungeon, and saw 3 of its levels.

You collected 145 gold pieces.

Inventory:

Hand Weapons
 j - a +1 whip of venom (weapon)
Armour
 a - a +0 robe
 g - a +0 cloak (worn)
 m - a +1 robe of cold resistance (worn)
Jewellery
 c - a +6 ring of dexterity (left hand)
 e - a +6 ring of intelligence (right hand)
Scrolls
 i - a scroll of fear {unknown}
 k - a scroll of blinking
 l - a scroll of amnesia {unknown}
Potions
 b - 2 potions of might
 f - a potion of mutation {unknown}
 h - 2 potions of heal wounds {unknown}
 n - a potion of degeneration {unknown}


   Skills:
 * Level 5.3 Fighting
 + Level 3.6 Armour
 - Level 2.1 Dodging
 - Level 1.5 Stealth
 - Level 2.4 Spellcasting


You couldn't memorise any spells.
You knew the following spells:

 Your Spells              Type           Power      Damage    Failure   Level
a - Sting                 Tmut/Pois      56%        1d5       4%          1
b - Poisonous Vapours     Pois/Air       28%        N/A       6%          2
c - Mephitic Cloud        Conj/Pois/Air  14%        N/A       13%         3
d - Olgreb's Toxic Radia  Pois           14%        N/A       38%         4
e - Corona                Hex            15%        N/A       4%          1
f - Call Imp              Summ           14%        N/A       6%          2
g - Corpse Rot            Necr/Air       N/A        N/A       6%          2
Your spell library was empty.

Dungeon Overview and Level Annotations

Branches:
Dungeon (3/15)

Altars:
Okawaru


Innate Abilities, Weirdness & Mutations

You are immune to sickness and miasma.
You are immune to poison.
Your flesh is very heat resistant. (rF++)
You are vulnerable to cold. (rC-)
You float through the air rather than walking.
You learn spells naturally, not from books.
Your magical power is your life essence.
You have superior vitality. (+4 HP)


Message History

There is an open door here.
There is an open door here.
Key pressed, stopping explore.
An orc wizard comes into view. It is wielding a +0 dagger.
Found an escape hatch in the floor.
An orc wizard is nearby!
An orc wizard is nearby!
An orc and an orc priest come into view.
The orc priest shouts!
The orc shouts!
The orc wizard shouts!
You hear a shout!
The orc priest moves out of view.
An orc wizard comes into view. It is wielding a +2 dagger of venom.
The orc wizard points at you and mumbles some strange words.
You are confused.
The orc wizard points at you and mumbles some strange words.
You easily resist.
The orc priest calls down the wrath of Beogh upon you.
Pain shoots through your body!
The orc wizard points at you and mumbles some strange words.
The magic dart hits you!
The orc wizard gestures wildly while chanting.
The orc wizard flickers and vanishes!
Deactivating autopickup; reactivate with Ctrl-A.
The orc priest mumbles some strange prayers to Beogh against you.
Beogh smites you!
The orc wizard casts a spell.
The orc wizard flickers and vanishes!
You bump into the rock wall.
The orc priest mumbles some strange prayers to Beogh against you.
Beogh smites you!
* * * LOW HITPOINT WARNING * * *
The orc hits you with a +0 club.
* * * LOW HITPOINT WARNING * * *
Something hits you.
* * * LOW HITPOINT WARNING * * *
It was a potion of invisibility.
You fade into invisibility!
You feel less confused. Something barely misses you.
The orc priest invokes the aid of Beogh against you.
Beogh smites you!
You die...

#...#####..........#
#..## #...[......#
#..######..........###
#..............#......
#.#######...####...###
#. #...####...# #
#...##.....# #.#####
###..#.#...#
#>..o@######.#.##.##
#............#.##.#
#....{#####....##.#
#.o...# ##.#..##.####
#.....# #..........)#
........####...........#
.......................#
........# ##...........#
........# ##...........#


You could see an orc priest and an orc.

Vanquished Creatures
  Sigmund (D:3)
  A black bear (D:3)
  An orc wizard (D:2)
  4 gnolls
  2 adders
  A worm (D:2)
  2 dart slugs (D:1)
  4 orcs (D:2)
  7 ball pythons
  5 endoplasms
  A giant cockroach (D:1)
  6 goblins
  6 hobgoblins
  A quokka (D:2)
  A bat (D:1)
  A frilled lizard (D:1)
  8 kobolds
  8 rats
60 creatures vanquished.

Notes
Turn   | Place    | Note
-------+----------+-------------------------------------------
     0 | D:1      | Nattfarinn the Djinni Venom Mage began the quest for the
                  | Orb.
     0 | D:1      | Reached XP level 1. HP: 15/15 MP: 0/0
   270 | D:1      | Reached skill level 1 in Fighting
   270 | D:1      | Reached XP level 2. HP: 18/22 MP: 0/0
   575 | D:1      | Reached skill level 1 in Armour
   900 | D:1      | Reached XP level 3. HP: 25/28 MP: 0/0
   900 | D:1      | Learned a level 1 spell: Corona
   913 | D:1      | Reached skill level 2 in Fighting
  1406 | D:1      | Found a faded altar of an unknown god.
  1859 | D:2      | Found an iron altar of Okawaru.
  1960 | D:2      | Reached XP level 4. HP: 23/34 MP: 0/0
  2128 | D:2      | Reached skill level 3 in Fighting
  2486 | D:2      | Reached XP level 5. HP: 24/40 MP: 0/0
  2486 | D:2      | Learned a level 2 spell: Call Imp
  3671 | D:3      | Noticed Sigmund
  3691 | D:3      | Killed Sigmund
  3692 | D:3      | Reached skill level 4 in Fighting
  3692 | D:3      | Reached XP level 6. HP: 39/49 MP: 0/0
  3883 | D:3      | Noticed a black bear
  3894 | D:3      | Killed a black bear
  3895 | D:3      | Reached skill level 5 in Fighting
  3895 | D:3      | Reached XP level 7. HP: 39/54 MP: 0/0
  3895 | D:3      | Learned a level 2 spell: Corpse Rot
  4211 | D:3      | Killed from afar by an orc priest

Illustrated notes

Levels and vault maps discovered:
D:1:      sevenhm_arrival_forest_fort_small_4, layout_loops_ring,
          shapermc_ecumenical_altar_mp_urbaneastern, minmay_hexomino_u4
D:2:      layout_loops_corners, basic_altar
D:3:      layout_basic, uniq_sigmund

Skill      XL: |  1  2  3  4  5  6 |
---------------+-------------------+-----
Fighting       | 1 2 3 4 5 |  5.3
Armour         | 1 2 3 |  3.6
Dodging        | |  2.1
Stealth        | |  1.5
Spellcasting   | |  2.4

Action                   |  1- 3 |  4- 6 |  7- 9 || total
-------------------------+-------+-------+-------++-------
Melee: Unarmed           |     1 |       |       ||     1
 Cast: Sting             |    65 |    70 |     9 ||   144
       Call Imp          |       |     4 |       ||     4
  Use: Scroll            |     2 |       |       ||     2
       Potion            |       |       |     1 ||     1
Armor: Robe              |     2 |     8 |       ||    10
Dodge: Dodged            |    16 |    33 |     4 ||    53

Table legend: (Time is in decaauts)
 A = Elapsed time spent in this place.
 B = Non-inter-level travel time spent in this place.
 C = Inter-level travel time spent in this place.
 D = Time resting spent in this place.
 E = Time spent auto-exploring this place.
 F = Levels seen in this place.
 G = Mean time per level.
                   A        B        C        D        E       F      G
               +--------+--------+--------+--------+--------+-----+--------+
         Total |   4212 |   4166 |     46 |    303 |   3337 |   3 | 1404.0 |
       Dungeon |   4212 |   4166 |     46 |    303 |   3337 |   3 | 1404.0 |
               +--------+--------+--------+--------+--------+-----+--------+

Top non-repeatable levels by time:
     D:1: 1813 daAuts
     D:2: 1620 daAuts
     D:3: 778 daAuts
